Workbook

Sheet 貼り付け用
B4: 法人所在地 | C4: 法人名 | D4: 代表者職 | E4: 代表者氏名 | F4: 事業所名 | G4: 事業所所在地 | H4: 事業所番号 | I4: 児童発達支援 | J4: 児童発達支援センター | K4: 放課後等デイサービス | L4: 部署 | M4: 担当 | N4: 送付先郵便番号 | O4: 送付先住所 | P4: 電話 | Q4: メール
B5: =基本情報!B50 -> 0 | C5: =基本情報!B51 -> 0 | D5: =基本情報!B52 -> 0 | E5: =基本情報!B53 -> 0 | F5: =基本情報!B62 -> 0 | H5: =基本情報!B64 -> 0 | I5: =IF(OR(基本情報!B66="実施あり：児童発達支援事業所",基本情報!B66="実施あり：児童発達支援センター・児童発達支援事業所の両方"),"〇","") | J5: =IF(OR(基本情報!B66="実施あり：児童発達支援センター",基本情報!B66="実施あり：児童発達支援センター・児童発達支援事業所の両方"),"〇","") | K5: =IF(基本情報!B67="実施あり","〇","") | L5: =基本情報!B54 -> 0 | M5: =基本情報!B55 -> 0 | N5: =基本情報!B58 -> 0 | O5: =基本情報!B59 -> 0 | P5: =基本情報!B56 -> 0 | Q5: =基本情報!B57 -> 0
B12: 対象経費 実支出（予定）額 | C12: 寄付金その他 の収入額 | D12: 差引後実支出 （予定）額 | E12: 補助基準額 | F12: 令和４年度 交付額 | G12: 令和５年度 交付額 | H12: 令和6年度 交付額 | I12: 令和7年度 交付額
B13: ='【郵送】第１号様式（１）－２ 積算内訳書'!F70 -> 0 | C13: =基本情報!B104 -> 0 | F13: =基本情報!B85 -> 0 | G13: =基本情報!B90 -> 0 | H13: =基本情報!B94 -> 0 | I13: =基本情報!B98 -> 0

Sheet 基本情報
A1: 基本情報入力シート
A3: ◆入力・提出の流れ◆
A4: １.このシート及び各シートのピンク色のセル部分を記入してください。 ※「（入力不要）」と記載のシートへの入力は不要です。
A6: ※ ピンク色のセルは、記入が必要です。 | I6: 記入必要
A7: ※ 濃い灰色のセルは、記入不要です。 | I7: 記入不要
A9: 【重要】ここに入力したデータは、他のシートの関連するセルに反映されます。
A10: そのため、このシートは絶対に削除しないでください。 | L10: 都チェック欄
A12: ２.このシートの記入後、シートの一番下の | B12: 第６ 必要書類について | F12: で、このExcelファイル以外で、提出が必要な書類を確認してください。
A13: 「第６ 必要書類について」の「対応結果」で、提出方法を確認してください。 | N13: 未記入又は矛盾する記載があります。ピンクの欄の入力又は入力欄近くの赤字のメッセージに対応してください。
A14: ３.以下 【入力シート確認表】の「判定」欄を見て、記入が必要なシートを確認し、各シートのピンク色のセルを全て入力してください。
A15: ４.すぐ下にある【総合判定】が「入力が必要な箇所は全て入力されています」となれば、入力完了です。
A16: ５.提出方法：このExcelファイルを、他の必要書類と併せて、以下の提出フォームにアップロードしてください。
A17: 令和８年度障害児通所支援事業所における安全対策支援事業補助金 申請書類提出フォーム
A18: 6.赤く色づけされているシートは、押印（印鑑証明印）が必要な書類です。
A19: 印鑑証明書と同一の印影を押印し、必要な書類一式と併せて以下の宛先へ郵送してください。
A20: 郵送先 〒163-8001 東京都新宿区西新宿二丁目８番１号 都庁第一本庁舎28階
A21: 東京都福祉局 障害者施策推進部 療育課 障害児通所支援担当
A22: 「令和８年度安全対策支援事業補助金申請書類 在中」と御記載願います。
L23: =SUM(L27:L198,M66:O69) -> 26
A24: =IF(L23<>0," 【総合判定】未記入又は矛盾する記載があります。以下の判定欄に従って、入力してください。"," 【総合判定】 入力が必要な箇所は全て入力されています") -> 【総合判定】未記入又は矛盾する記載があります。以下の判定欄に従って、入力してください。 | L24: =IF(L23<>0," 【総合判定】未記入又は矛盾する記載があります。以下の判定欄に従って、入力してください。"," 【総合判定】 入力が必要な箇所は全て入力されています") -> 【総合判定】未記入又は矛盾する記載があります。以下の判定欄に従って、入力してください。
A28: 【入力シート確認表】
A29: シート名 | B29: 判定
A30: 基本情報（このシート） | B30: =IF(SUM(L44:L120)>0,N13,"入力が必要な箇所は全て入力されています。") -> 未記入又は矛盾する記載があります。ピンクの欄の入力又は入力欄近くの赤字のメッセージに対応してください。
A31: 別記第１号様式 交付申請書 | B31: 入力不要ですが、念のため内容を御確認ください。（誤りがあれば、基本情報（このシート）を修正してください。） | L31: =IF(B31=$N$13,1,0) -> 0
A32: 予算書抄本（参考） | B32: 入力不要ですが、念のため内容を御確認ください。（誤りがあれば、基本情報（このシート）を修正してください。） | L32: =IF(B32=$N$13,1,0) -> 0
A33: 第１号様式(１)-1 所要額調書 | B33: 入力不要ですが、念のため内容を御確認ください。（誤りがあれば、基本情報（このシート）を修正してください。） | L33: =IF(B33=$N$13,1,0) -> 0
A34: 第１号様式(1)-2 積算内訳 | B34: =IF('【郵送】第１号様式（１）－２ 積算内訳書'!I10<>0,N13,"入力が必要な箇所は全て入力されています。") -> 入力が必要な箇所は全て入力されています。 | L34: =IF(B34=$N$13,1,0) -> 0
A35: 第１号様式(1)-3 積算内訳（国庫） | B35: 入力不要ですが、念のため内容を御確認ください。（誤りがあれば、基本情報（このシート）を修正してください。） | L35: =IF(B35=$N$13,1,0) -> 0
A36: 第１号様式(2) 事業計画書 | B36: 入力不要ですが、念のため内容を御確認ください。（誤りがあれば、基本情報（このシート）を修正してください。） | L36: =IF(B36=$N$13,1,0) -> 0
A37: 第１号様式(3)-1 ICT活用 | B37: =IF('【実施ありの場合・郵送】第１号様式（３）－１ ICT活用'!Q5<>0,N13,"入力が必要な箇所は全て入力されています。") -> 入力が必要な箇所は全て入力されています。 | L37: =IF(B37=$N$13,1,0) -> 0
A38: 第１号様式(3)-2 登降園管理 | B38: =IF('【実施ありの場合・郵送】第１号様式（３）－２ 登降園管理'!Q5<>0,N13,"入力が必要な箇所は全て入力されています。") -> 入力が必要な箇所は全て入力されています。 | L38: =IF(B38=$N$13,1,0) -> 0
A39: 第１号様式(3)-3-1 その他安全対策 | B39: =IF('【実施ありの場合郵送】第１号様式（３）－３－１ その他安全対策'!Q5<>0,N13,"入力が必要な箇所は全て入力されています。") -> 入力が必要な箇所は全て入力されています。 | L39: =IF(B39=$N$13,1,0) -> 0
A40: 第１号様式(3)-3-2 その他安全対策 | B40: =IF('【実施ありの場合郵送】第１号様式（３）－３－２ その他安全対策'!Q5<>0,N13,"入力が必要な箇所は全て入力されています。") -> 入力が必要な箇所は全て入力されています。 | L40: =IF(B40=$N$13,1,0) -> 0
A41: 第１号様式(3)-4 睡眠中事故防止 | B41: =IF('【実施ありの場合・郵送】第１号様式（３）－４ 睡眠中事故防止'!Q5<>0,N13,"入力が必要な箇所は全て入力されています。") -> 入力が必要な箇所は全て入力されています。 | L41: =IF(B41=$N$13,1,0) -> 0
A42: 第１号様式(4) 誓約書 | B42: 入力不要ですが、念のため内容を御確認ください。（誤りがあれば、基本情報（このシート）を修正してください。） | L42: =IF(B42=$N$13,1,0) -> 0
A44: 申請日
B45: 令和 | D45: 年 | L45: =IF(OR(C45="",C46="",C47=""),1,0) -> 1
D46: 月
D47: 日
A49: 第１ 法人の情報
A50: １ 法人の所在地 | H50: 印鑑証明書記載の登記上の所在地を記載してください。（「○丁目○番○号」など、表記を完全一致させてください。） | L50: =IF(B50="",1,0) -> 1
A51: ２ 法人名 | H51: 印鑑証明書記載の登記上の法人名を法人格も含めて記載してください。（例：特定非営利活動法人○○、○○株式会社 etc.） | L51: =IF(B51="",1,0) -> 1
A52: ３ 代表者 職 | H52: 印鑑証明書記載の登記上の代表者職（例：代表取締役、代表理事など）を記載してください。 | L52: =IF(B52="",1,0) -> 1
A53: ４ 代表者 氏名 | H53: 印鑑証明書記載の登記上の表記を記載してください。（崎・﨑、高・髙、斉・齊・齋などの漢字表記も御注意ください。） | L53: =IF(B53="",1,0) -> 1
A54: ５ 担当部署 | H54: 特に担当部署名がない場合は、「補助金担当」を御記入ください。 | L54: =IF(B54="",1,0) -> 1
A55: ６ 担当者 氏名 | H55: フルネームで記載してください。 | L55: =IF(B55="",1,0) -> 1
A56: ７ 担当者の電話番号 | H56: ハイフンを入れて入力してください。（例：03-5321-1111） | L56: =IF(B56="",1,0) -> 1
A57: ８ 担当者のメールアドレス | H57: すべて半角で入力してください。 | L57: =IF(B57="",1,0) -> 1
A58: ９ 書類送付先（郵便番号） | H58: ハイフンを入れて入力してください。（例：163-8001） | L58: =IF(B58="",1,0) -> 1
A59: 10 書類送付先（住所） | L59: =IF(B59="",1,0) -> 1
A61: 第２ 事業所の情報
A62: １ 事業所名 | H62: 届け出ている事業所名のとおり記載してください。 | L62: =IF(B62="",1,0) -> 1
A63: ２ 公立・私立の別 | L63: =IF(B63="",1,0) -> 1
A64: ３ 事業所番号 | E64: １３５～から始まる１０桁の数字を記載してください。 | L64: =IF(OR(B64="",B64<1350000000,B64>1359999999),1,0) -> 1
A65: ４ 実施事業
A66: 児童発達支援 | L66: =IF(B66="",1,0) -> 1
A67: 放課後等デイサービス | H67: =IF(AND(B66="実施なし",B67="実施なし")," 児発、放デイどちらかは実施ありとしてください","") | L67: =IF(B67="",1,0) -> 1 | M67: =IF(AND(B66="実施なし",B67="実施なし"),1,0) -> 0
A68: ５ 送迎の実施 | L68: =IF(B68="",1,0) -> 1
A69: 送迎用全車両の台数（座席２列も含む） | C69: 台 | L69: =IF(AND(B68="実施あり",B69=""),1,0) -> 0
A71: 第３ 事業計画
A72: 置き去り等の事故防止
A73: （１）施設外及び施設内活動時の置き去り、見失い、飛び出し等の事故防止の対策
A74: ①ICTを活用した子供見守りサービス（GPSやBluetoothを活用したシステム等）の導入 | G74: =IF(B74="実施あり（今後実施予定も含む）"," 第１号様式（３）－１のシートを記入し、システムに搭載されている機能等を詳細に確認できる資料を送付してください。","") | L74: =IF(B74="",1,0) -> 1
A75: ②登降園管理システムの導入 | G75: =IF(B75="実施あり（今後実施予定も含む）"," 第１号様式（３）－２のシートを記入し、システムに搭載されている機能等を詳細に確認できる資料を送付してください。","") | L75: =IF(B75="",1,0) -> 1
A76: ③置き去り、見失い、飛び出し防止に係る経費その他安全対策費用で都が認めるもの | G76: =IF(B76="実施あり（今後実施予定も含む）"," 第１号様式（３）－３－１のシートを記入し、具体的な内容を詳細に確認できる資料を送付してください。","") | L76: =IF(B76="",1,0) -> 1
A77: ④送迎バス等の研修実施、安全点検等で都が認めるもの | G77: =IF(B77="実施あり（今後実施予定も含む）"," 第１号様式（３）－３－２のシートを記入し、具体的な内容を詳細に確認できる資料を送付してください。","") | L77: =IF(B77="",1,0) -> 1
A78: （２）睡眠中の事故防止対策に必要な機器の購入等 | G78: =IF(B66="実施なし"," この事業は、児童発達支援のみが対象なので「実施なし」を選んでください。",IF(B78="実施あり（今後実施予定も含む）"," 第１号様式（３）－４のシートを記入し、機器等に搭載されている機能等を詳細に確認できる資料を送付してください。","")) | L78: =IF(B78="",1,0) -> 1
A80: 第４ 令和４年度から令和７年度までの交付状況
A81: (令和４年度、令和５年度障害児通所支援事業所における送迎バス等安全対策支援事業及び令和６年度、令和７年度障害児通所支援事業所における安全対策支援事業の補助金交付額確定通知書を御確認ください。）
A82: 令和４年度の補助金の交付の有無 | D82: ※申請したものの、取下げ（事業中止）の場合は「交付なし」に該当します。 | K82: ※補助金の「交付決定額の通知書」とは異なりますので、御確認願います。 | L82: =IF(B82="",1,0) -> 1
A83: →交付ありの場合の交付額
A84: １ 送迎バス等の子供の置き去り防止 | E84: 円 | L84: =IF(AND($B$82="交付あり",B84=""),1,0) -> 0
A85: ２ 送迎バス等以外の置き去り等の事故防止 | E85: 円 | L85: =IF(AND($B$82="交付あり",B85=""),1,0) -> 0
A87: 令和５年度の補助金の交付の有無 | D87: ※申請したものの、取下げ（事業中止）の場合は「交付なし」に該当します。 | L87: =IF(B87="",1,0) -> 1
A88: →交付ありの場合の交付額
A89: １ 送迎バス等の子供の置き去り防止 | E89: 円 | L89: =IF(AND($B$87="交付あり",B89=""),1,0) -> 0
A90: ２ 送迎バス等以外の置き去り等の事故防止 | E90: 円 | L90: =IF(AND($B$87="交付あり",B90=""),1,0) -> 0
A92: 令和６年度の補助金の交付の有無 | D92: ※申請したものの、取下げ（事業中止）の場合は「交付なし」に該当します。 | L92: =IF(B92="",1,0) -> 1
A93: →交付ありの場合の交付額
A94: 置き去り等の事故防止 | E94: 円 | L94: =IF(AND($B$92="交付あり",B94=""),1,0) -> 0
A96: 令和７年度の補助金の交付の有無 | D96: ※申請したものの、取下げ（事業中止）の場合は「交付なし」に該当します。
A97: →交付ありの場合の交付額
A98: 置き去り等の事故防止 | E98: 円
A100: 第５ 本事業に関する寄付金その他の収入額
A101: ※ 寄付金やその他の収入を充てていない場合は、０ と記載してください。（この場合がほとんどかと思われます。）
A102: 本事業について、東京都の補助金以外で、寄付金やその他の収入(中核市（八王子市）補助金を含む。）を充てている場合は、その金額を記載してください。
A104: 寄付金、その他の収入（東京都の補助金以外） | E104: 円 | L104: =IF(B104="",1,0) -> 1
A106: 第６ 必要書類について
A107: 事業 | B107: 書類 | G107: 提出の必要 | H107: 対応結果
A108: 全事業者共通（地方自治体を除く。） | B108: 印鑑証明書（原本） 事業所が複数ある場合については、原本１枚以外はコピーを添付してください。 | G108: 必要 | H108: 代表者の印鑑証明印を押印した「1号様式」・「予算書」と一緒に提出期限までに東京都に郵送してください。
A109: 置き去り等の事故防止 | P109: 「添付書類貼り付け」のシートに貼り付け
A110: （１）施設外及び施設内活動時の置き去り、見失い、飛び出し等の事故防止の対策 | P110: 受付フォームから提出
A111: ①ICTを活用した子供見守りサービス（GPSやBluetoothを活用したシステム等）の導入 | B111: 支出（予定）額のわかる書類（見積書、契約書、納品書、請求書、領収書など） | G111: =IF(B74="実施あり（今後実施予定も含む）","必要",IF(B74="実施なし","不要","")) | H111: =IF(G111="必要","このExcelファイルと併せてPDF(JPEG可)データでアップロードにより提出※","") | L111: =IF(AND(G111="必要",H111=""),1,0) -> 0
B112: システムの概要やシステム搭載されている機能等を詳細に確認できる書類、図面等 | G112: =IF(B74="実施あり（今後実施予定も含む）","必要",IF(B74="実施なし","不要","")) | H112: =IF(G112="必要","このExcelファイルと併せてPDF(JPEG可)データでアップロードにより提出※","") | L112: =IF(AND(G112="必要",H112=""),1,0) -> 0
A113: ②登降園管理システムの導入 | B113: 支出（予定）額のわかる書類（見積書、契約書、納品書、請求書、領収書など） | G113: =IF(B75="実施あり（今後実施予定も含む）","必要",IF(B75="実施なし","不要","")) | H113: =IF(G113="必要","このExcelファイルと併せてPDF(JPEG可)データでアップロードにより提出※","") | L113: =IF(AND(G113="必要",H113=""),1,0) -> 0
B114: システムの概要やシステム搭載されている機能等を詳細に確認できる書類、図面等 | G114: =IF(B75="実施あり（今後実施予定も含む）","必要",IF(B75="実施なし","不要","")) | H114: =IF(G114="必要","このExcelファイルと併せてPDF(JPEG可)データでアップロードにより提出※","") | L114: =IF(AND(G114="必要",H114=""),1,0) -> 0
A115: ③置き去り、見失い、飛び出し防止に係る経費その他安全対策費用で都が認めるもの | B115: 支出（予定）額のわかる書類（見積書、契約書、納品書、請求書、領収書など） | G115: =IF(B76="実施あり（今後実施予定も含む）","必要",IF(B76="実施なし","不要","")) | H115: =IF(G115="必要","このExcelファイルと併せてPDF(JPEG可)データでアップロードにより提出※","") | L115: =IF(AND(G115="必要",H115=""),1,0) -> 0
B116: 具体的な内容がわかる書類、設置個所を示した図面等 | G116: =IF(B76="実施あり（今後実施予定も含む）","必要",IF(B76="実施なし","不要","")) | H116: =IF(G116="必要","このExcelファイルと併せてPDF(JPEG可)データでアップロードにより提出※","") | L116: =IF(AND(G116="必要",H116=""),1,0) -> 0 | O116: (3)-6その他の安全対策の「具体的取組内容」に記載
A117: ④送迎車等の研修実施、安全点検等で都が認めるもの（車両の保守点検は補助対象外） | B117: 支出（予定）額のわかる書類（見積書、契約書、納品書、請求書、領収書など） | G117: =IF(B77="実施あり（今後実施予定も含む）","必要",IF(B77="実施なし","不要","")) | H117: =IF(G117="必要","このExcelファイルと併せてPDF(JPEG可)データでアップロードにより提出※","")
B118: 具体的な内容がわかる書類 | G118: =IF(B77="実施あり（今後実施予定も含む）","必要",IF(B77="実施なし","不要","")) | H118: =IF(G118="必要","このExcelファイルと併せてPDF(JPEG可)データでアップロードにより提出※","")
...

Sheet 【要押印・郵送】別記第１号様式　交付申請書（入力不要）
B1: 別記第１号様式
Y2: 令和 年 月 日
C5: 東京都知事 殿
N7: 主たる事務所の所在地
N8: =IF(基本情報!B50="","基本情報の第１の「１ 主たる事務所の所在地」を入力してください",基本情報!B50) -> 基本情報の第１の「１ 主たる事務所の所在地」を入力してください
N9: 法人名 | R9: =IF(基本情報!B51="","基本情報の第１の「２ 法人名」を入力してください",基本情報!B51) -> 基本情報の第１の「２ 法人名」を入力してください
N10: 代表者職・氏名 | U10: =IF(OR(基本情報!B52="",基本情報!B53=""),"基本情報の第１の「３、４代表者職・氏名」を入力してください",基本情報!B52&" "&基本情報!B53) -> 基本情報の第１の「３、４代表者職・氏名」を入力してください | AJ10: 印
I13: 令和８年度障害児通所支援事業所における
I14: 安全対策支援事業補助金交付申請書
B17: 標記の補助金について、下記のとおり申請します。
A20: 記
D22: １ | E22: 事業所名 | L22: =IF(基本情報!B62="","",基本情報!B62)
D24: ２ | E24: 申請額 | L24: 金 | M24: =+'【郵送】第１号様式（１）－１ 所要額調書（入力不要）'!D18 -> 0
E26: （添付書類）
F28: 第１号様式（１）－１ 所要額調書
F29: 第１号様式（１）－２ 所要額積算内訳書
F30: 第１号様式（１）－３ 国庫補助対象の所要額積算内訳書
F31: 第１号様式（２） 事業計画書
F32: 第１号様式（３） 各事業の詳細
F33: 第１号様式（４） 誓約書
F34: 歳入歳出予算書抄本
F35: その他各事業の実施内容が確認できる書類
C37: 連絡先 | H37: 担当部署 | O37: =IF(基本情報!B54="","",基本情報!B54)
H38: 担当者名 | O38: =IF(基本情報!B55="","",基本情報!B55)
H39: 電 話 | O39: =IF(基本情報!B56="","",基本情報!B56)
H40: E-mail | O40: =IF(基本情報!B57="","",基本情報!B57)
H41: 書類送付先 | O41: 郵便番号 | T41: （ | U41: =IF(基本情報!B58="","",基本情報!B58) | AB41: ）
O42: =IF(基本情報!B59="","",基本情報!B59)

Sheet 【要押印・郵送】予算書抄本（参考様式）
B1: 参考様式 | Y1: 事業所名 | AF1: =IF(基本情報!B62="","",基本情報!B62)
BG2: 障害者支援施設（都内）
BG3: 福祉型障害児入所施設
A4: 歳入歳出予算書抄本 | BG4: 医療型障害児入所施設
BG5: 共同生活援助
B6: １ 歳入の部
AZ7: （単位：円）
D8: 区 分 | S8: 予 算 額 | AJ8: 備 考
D10: 東京都補助金 | S10: ='【郵送】第１号様式（１）－１ 所要額調書（入力不要）'!D18 -> 0
D13: 自己資本 | S13: =S18-S10-S16 -> 0
D16: 寄付金その他の収入額 | S16: =基本情報!B104 -> 0
D18: 合 計 | S18: =S32 -> 0
B20: ２ 歳出の部
D22: 区 分 | S22: 予 算 額 | AJ22: 備 考
D24: 置き去り等の事故防止 | S24: =+'【郵送】第１号様式（１）－２ 積算内訳書'!F70 -> 0
D32: 合 計 | S32: =S24 -> 0
C35: 本書は、原本と相違ないことを証明します。
C37: 令和 年 月 日
C39: 法人名 | L39: =IF(基本情報!B51="","基本情報の第１の「２ 法人名」を入力してください",基本情報!B51) -> 基本情報の第１の「２ 法人名」を入力してください
C41: 代表者職・氏名 | L41: =IF(OR(基本情報!B52="",基本情報!B53=""),"基本情報の「第１の３、４代表者職・氏名」を入力してください",基本情報!B52&" "&基本情報!B53) -> 基本情報の「第１の３、４代表者職・氏名」を入力してください | AQ41: 印

Sheet 【郵送】第１号様式（１）－１ 所要額調書（入力不要）
B1: 第１号様式（１）－１ | H1: 事業所名 | I1: =IF(基本情報!B62="","",基本情報!B62)
B6: 令和８年度障害児通所支援事業所における
B7: 安全対策支援事業補助金交付申請書 所要額調書
K11: （単位：円）
B12: 区分 | C12: A | D12: B | E12: C | F12: D | G12: E | H12: F | I12: G | J12: H | K12: I
C13: 対象経費 実支出（予定）額 | D13: 寄付金その他 の収入額 | E13: 差引後実支出 （予定）額 | F13: 補助基準額 | G13: 過年度 補助金 交付額 | H13: 差引後 補助基準額 | I13: 選定額 | J13: 補助率 | K13: 申請額
E14: A-B | H14: D-E | I14: CとFを比較して少ない額 | K14: G×H （1,000円未満切り捨て）
B15: 置き去り等の事故防止 | C15: =+'【郵送】第１号様式（１）－２ 積算内訳書'!F70 -> 0 | D15: =基本情報!B104 -> 0 | E15: =C15-D15 -> 0 | F15: 2000000 | G15: =SUM(基本情報!$B$85,基本情報!$B$90,基本情報!$B$94,基本情報!$B$98) -> 0 | H15: =F15-G15 -> 2000000 | I15: =IF(E15>H15,H15,E15) -> 0 | J15: 10分の10 | K15: =ROUNDDOWN(I15,-3) -> 0
D17: （単位：円）
B18: 合計補助申請額（I） | D18: =K15 -> 0
B22: ＊B「寄付金その他の収入額」欄については、本事業について、東京都の補助金以外で、寄付金やその他の収入(中核市（八王子市）補助金を含む。）を充てている場合は、その金額を記載してください。

Sheet 【郵送】第１号様式（１）－２ 積算内訳書
B1: 第１号様式（１）－２ | C1: 事業所名 | D1: =IF(基本情報!B62="","",基本情報!B62)
B3: 所要額積算内訳書
T4: 令和６年〇月〇日
B6: 補助金交付申請する事項について、必ず下記内訳書に記入するとともに見積書や契約書等の写しを添付し、補助対象経費の内容について具体的にわかるようにすること。(全額記載をお願いします。) | M6: 所要額積算内訳書の記入方法 | S6: 見積書（納品書、請求書など）
B8: 1 置き去り等の事故防止 | F8: =IF(AND(基本情報!B74="実施なし",F20>0),"「基本情報」の第３の（１）①ICTを活用した子供見守りサービス（GPSやBluetoothを活用したシステム等）の導入を「実施あり（今後実施予定も含む）」に修正してください。","") | T8: 特定非営利法人 〇〇〇
B9: （１）施設外及び施設内活動時の置き去り、見失い、飛び出し等の事故防止の対策 | T9: 〇〇〇 様
B10: ① ICTを活用した子供見守りサービス（GPSやBluetoothを活用したシステム等）の導入 | I10: =SUM(I11:I72) -> 0 | M10: 1 置き去り等の事故防止 | T10: 東京都〇〇区〇〇 〇〇ビル〇階
B11: 内容 | C11: 支出（予定）年月日 | D11: 単価（円） | E11: 数量 | F11: 支出予定額（円） | M11: （１）施設外及び施設内活動時の置き去り、見失い、飛び出し等の事故防止の対策 | T11: 株式会社 〇〇〇商事
F12: =D12*E12 -> 0 | M12: ① ICTを活用した子供見守りサービス（GPSやBluetoothを活用したシステム等）の導入 | T12: 代表取締役 〇〇 〇〇 印
F13: =D13*E13 -> 0 | M13: 内容 | N13: 支出（予定）年月日 | O13: 単価（円） | P13: 数量 | Q13: 支出予定額（円）
F14: =D14*E14 -> 0 | M14: A-XXX 株式会社○○製 | N14: 45504 | O14: 20000 | P14: 3 | Q14: =O14*P14 -> 60000 | T14: （ 見積・請求）金額
F15: =D15*E15 -> 0 | M15: B-XXX 株式会社○○製 | N15: 45504 | O15: 10000 | P15: 1 | Q15: =O15*P15 -> 10000 | T15: ７７，０００ 円
F16: =D16*E16 -> 0 | M16: 消費税 | N16: 45504 | O16: 7000 | P16: 1 | Q16: =O16*P16 -> 7000
F17: =D17*E17 -> 0 | Q17: =O17*P17 -> 0 | T17: （パターン１ 消費税が税別）
F18: =D18*E18 -> 0 | Q18: =O18*P18 -> 0 | T18: ご注文内容
F19: =D19*E19 -> 0 | Q19: =O19*P19 -> 0 | T19: 品 名 | U19: 価 格 | V19: 数量 | W19: 金 額 | X19: 備 考
E20: 小計（A） | F20: =SUM(F12:F19) -> 0 | I20: =IF(AND(基本情報!B74="実施あり（今後実施予定も含む）",F20=0),1,0) -> 0 | Q20: =O20*P20 -> 0 | T20: A-XXX 株式会社○○製 | U20: 20000 | V20: 3 | W20: =U20*V20 -> 60000
Q21: =O21*P21 -> 0 | T21: B-XXX 株式会社○○製 | U21: 10000 | V21: 1 | W21: =U21*V21 -> 10000
B22: ② 登降園管理システムの導入 | C22: =IF(AND(基本情報!B75="実施なし",F32>0),"「基本情報」の第３の（１）②登降園管理システムの導入を「実施あり（今後実施予定も含む）」に修正してください。","") | P22: 小計（A） | Q22: =SUM(Q14:Q21) -> 77000 | T22: 消費税 | W22: 7000
B23: 内容 | C23: 支出（予定）年月日 | D23: 単価（円） | E23: 数量 | F23: 支出予定額（円） | T23: 合計 | W23: =SUM(W20:W22) -> 77000
F24: =D24*E24 -> 0
F25: =D25*E25 -> 0
F26: =D26*E26 -> 0 | M26: 【消費税込みの場合】 | T26: （パターン２ 消費税が税込）
F27: =D27*E27 -> 0 | M27: 内容 | N27: 支出（予定）年月日 | O27: 単価（円） | P27: 数量 | Q27: 支出予定額（円） | T27: ご注文内容
F28: =D28*E28 -> 0 | M28: A-XXX 株式会社○○製 | N28: 45504 | O28: 22000 | P28: 3 | Q28: =O28*P28 -> 66000 | T28: 品 名 | U28: 価 格 | V28: 数量 | W28: 金 額 | X28: 備 考
F29: =D29*E29 -> 0 | M29: B-XXX 株式会社○○製 | N29: 45504 | O29: 11000 | P29: 1 | Q29: =O29*P29 -> 11000 | T29: A-XXX 株式会社○○製 | U29: 22000 | V29: 3 | W29: =U29*V29 -> 66000
F30: =D30*E30 -> 0 | M30: （消費税込） | Q30: =O30*P30 -> 0 | T30: B-XXX 株式会社○○製 | U30: 11000 | V30: 1 | W30: =U30*V30 -> 11000
F31: =D31*E31 -> 0 | Q31: =O31*P31 -> 0
E32: 小計（B） | F32: =SUM(F24:F31) -> 0 | I32: =IF(AND(基本情報!B75="実施あり（今後実施予定も含む）",F32=0),1,0) -> 0 | Q32: =O32*P32 -> 0 | T32: 合計 | W32: =SUM(W29:W31) -> 77000
F33: =IF(AND(基本情報!B76="実施なし",F44>0),"「基本情報」の第３の（１）③置き去り、見失い、飛び出し防止に係る経費その他安全対策費用で都が認めるものを「実施あり（今後実施予定も含む）」に修正してください。","") | Q33: =O33*P33 -> 0
B34: ③ 置き去り、見失い、飛び出し防止に係る経費その他安全対策費用で都が認めるもの | Q34: =O34*P34 -> 0
B35: 内容 | C35: 支出（予定）年月日 | D35: 単価（円） | E35: 数量 | F35: 支出予定額（円） | Q35: =O35*P35 -> 0
F36: =D36*E36 -> 0 | P36: 小計（A） | Q36: =SUM(Q28:Q35) -> 77000
F37: =D37*E37 -> 0
F38: =D38*E38 -> 0
F39: =D39*E39 -> 0
F40: =D40*E40 -> 0
F41: =D41*E41 -> 0
F42: =D42*E42 -> 0
F43: =D43*E43 -> 0
E44: 小計（C） | F44: =SUM(F36:F43) -> 0 | I44: =IF(AND(基本情報!B76="実施あり（今後実施予定も含む）",F44=0),1,0) -> 0
F45: =IF(AND(基本情報!B77="実施なし",F56>0),"「基本情報」の第３の（１）④ 送迎バス等の研修実施、安全点検等で都が認めるものを「実施あり（今後実施予定も含む）」に修正してください。","")
B46: ④ 送迎バス等の研修実施、安全点検等で都が認めるもの
B47: 内容 | C47: 支出（予定）年月日 | D47: 単価（円） | E47: 数量 | F47: 支出予定額（円）
F48: =D48*E48 -> 0
F49: =D49*E49 -> 0
F50: =D50*E50 -> 0
F51: =D51*E51 -> 0
F52: =D52*E52 -> 0
F53: =D53*E53 -> 0
F54: =D54*E54 -> 0
F55: =D55*E55 -> 0
E56: 小計（D） | F56: =SUM(F48:F55) -> 0 | I56: =IF(AND(基本情報!B77="実施あり（今後実施予定も含む）",F56=0),1,0) -> 0
B58: （２）睡眠中の事故防止対策に必要な機器の購入等 | C58: =IF(AND(基本情報!B78="実施なし",F68>0),"「基本情報」の第３の（２）睡眠中の事故防止対策に必要な機器の購入等を「実施あり（今後実施予定も含む）」に修正してください。","")
B59: 内容 | C59: 支出（予定）年月日 | D59: 単価（円） | E59: 数量 | F59: 支出予定額（円）
F60: =D60*E60 -> 0
F61: =D61*E61 -> 0
F62: =D62*E62 -> 0
F63: =D63*E63 -> 0
F64: =D64*E64 -> 0
F65: =D65*E65 -> 0
F66: =D66*E66 -> 0
F67: =D67*E67 -> 0
E68: 小計（E） | F68: =SUM(F60:F67) -> 0 | I68: =IF(AND(基本情報!B78="実施あり（今後実施予定も含む）",F68=0),1,0) -> 0
B70: ２ 送迎バス等以外の置き去り等の事故防止 合計（A+B+C+D+E）（対象経費実支出（予定）額） | F70: =F20+F32+F44+F56+F68 -> 0
B72: 合 計（Ａ+Ｂ+Ｃ+Ｄ+E）（本事業に係る合計支出額） | F72: =F70 -> 0
B73: （注）見積書や契約書等の写しを添付し、補助対象経費の内容について具体的にわかるようにすること。

Sheet 【郵送】第１号様式（１）－３ 積算内訳（国庫）（入力不要）
B1: 第１号様式（１）－３ | C1: 事業所名 | D1: =IF(基本情報!B62="","",基本情報!B62)
B3: 国庫補助対象の所要額積算内訳書
B6: 第１号様式（１）－２のうち国庫補助対象分について記載をお願いします。 国庫補助の対象は、以下の①②です。 ①ICTを活用した子供見守りサービス（GPSやBluetoothを活用したシステム等）の導入（児童発達支援事業） ②登降園管理システムの導入（児童発達支援事業） ※①②の事業について、国では、放課後等デイサービスは補助対象外ですが、都は対象拡大して補助対象としています。そのため、多機能事業所は、国庫補助額の算定のため、経費の分割が必要です。その場合は都にご相談ください。
B9: １ 置き去り等の事故防止（児童発達支援事業のみ）
B10: （１）施設外及び施設内活動時の置き去り、見失い、飛び出し等の事故防止の対策 | I10: =SUM(I14:I47) -> 0
B11: ① ICTを活用した子供見守りサービス（GPSやBluetoothを活用したシステム等）の導入
B12: =IF(基本情報!B66="実施なし"," 放課後等デイサービスの場合は、国庫補助対象外","")
B13: 内容 | C13: 支出（予定）年月日 | D13: 単価（円） | E13: 数量 | F13: 支出予定額（円）
B14: =IF(AND(基本情報!$B$66<>"",基本情報!$B$66<>"実施なし",'【郵送】第１号様式（１）－２ 積算内訳書'!B12<>""),'【郵送】第１号様式（１）－２ 積算内訳書'!B12,"") | C14: =IF(AND(基本情報!$B$66<>"",基本情報!$B$66<>"実施なし",'【郵送】第１号様式（１）－２ 積算内訳書'!C12<>""),'【郵送】第１号様式（１）－２ 積算内訳書'!C12,"") | D14: =IF(AND(基本情報!$B$66<>"",基本情報!$B$66<>"実施なし",'【郵送】第１号様式（１）－２ 積算内訳書'!D12<>""),'【郵送】第１号様式（１）－２ 積算内訳書'!D12,"") | E14: =IF(AND(基本情報!$B$66<>"",基本情報!$B$66<>"実施なし",'【郵送】第１号様式（１）－２ 積算内訳書'!E12<>""),'【郵送】第１号様式（１）－２ 積算内訳書'!E12,"") | F14: =IFERROR(D14*E14,"")
B15: =IF(AND(基本情報!$B$66<>"",基本情報!$B$66<>"実施なし",'【郵送】第１号様式（１）－２ 積算内訳書'!B13<>""),'【郵送】第１号様式（１）－２ 積算内訳書'!B13,"") | C15: =IF(AND(基本情報!$B$66<>"",基本情報!$B$66<>"実施なし",'【郵送】第１号様式（１）－２ 積算内訳書'!C13<>""),'【郵送】第１号様式（１）－２ 積算内訳書'!C13,"") | D15: =IF(AND(基本情報!$B$66<>"",基本情報!$B$66<>"実施なし",'【郵送】第１号様式（１）－２ 積算内訳書'!D13<>""),'【郵送】第１号様式（１）－２ 積算内訳書'!D13,"") | E15: =IF(AND(基本情報!$B$66<>"",基本情報!$B$66<>"実施なし",'【郵送】第１号様式（１）－２ 積算内訳書'!E13<>""),'【郵送】第１号様式（１）－２ 積算内訳書'!E13,"") | F15: =IFERROR(D15*E15,"")
B16: =IF(AND(基本情報!$B$66<>"",基本情報!$B$66<>"実施なし",'【郵送】第１号様式（１）－２ 積算内訳書'!B14<>""),'【郵送】第１号様式（１）－２ 積算内訳書'!B14,"") | C16: =IF(AND(基本情報!$B$66<>"",基本情報!$B$66<>"実施なし",'【郵送】第１号様式（１）－２ 積算内訳書'!C14<>""),'【郵送】第１号様式（１）－２ 積算内訳書'!C14,"") | D16: =IF(AND(基本情報!$B$66<>"",基本情報!$B$66<>"実施なし",'【郵送】第１号様式（１）－２ 積算内訳書'!D14<>""),'【郵送】第１号様式（１）－２ 積算内訳書'!D14,"") | E16: =IF(AND(基本情報!$B$66<>"",基本情報!$B$66<>"実施なし",'【郵送】第１号様式（１）－２ 積算内訳書'!E14<>""),'【郵送】第１号様式（１）－２ 積算内訳書'!E14,"") | F16: =IFERROR(D16*E16,"")
B17: =IF(AND(基本情報!$B$66<>"",基本情報!$B$66<>"実施なし",'【郵送】第１号様式（１）－２ 積算内訳書'!B15<>""),'【郵送】第１号様式（１）－２ 積算内訳書'!B15,"") | C17: =IF(AND(基本情報!$B$66<>"",基本情報!$B$66<>"実施なし",'【郵送】第１号様式（１）－２ 積算内訳書'!C15<>""),'【郵送】第１号様式（１）－２ 積算内訳書'!C15,"") | D17: =IF(AND(基本情報!$B$66<>"",基本情報!$B$66<>"実施なし",'【郵送】第１号様式（１）－２ 積算内訳書'!D15<>""),'【郵送】第１号様式（１）－２ 積算内訳書'!D15,"") | E17: =IF(AND(基本情報!$B$66<>"",基本情報!$B$66<>"実施なし",'【郵送】第１号様式（１）－２ 積算内訳書'!E15<>""),'【郵送】第１号様式（１）－２ 積算内訳書'!E15,"") | F17: =IFERROR(D17*E17,"")
B18: =IF(AND(基本情報!$B$66<>"",基本情報!$B$66<>"実施なし",'【郵送】第１号様式（１）－２ 積算内訳書'!B16<>""),'【郵送】第１号様式（１）－２ 積算内訳書'!B16,"") | C18: =IF(AND(基本情報!$B$66<>"",基本情報!$B$66<>"実施なし",'【郵送】第１号様式（１）－２ 積算内訳書'!C16<>""),'【郵送】第１号様式（１）－２ 積算内訳書'!C16,"") | D18: =IF(AND(基本情報!$B$66<>"",基本情報!$B$66<>"実施なし",'【郵送】第１号様式（１）－２ 積算内訳書'!D16<>""),'【郵送】第１号様式（１）－２ 積算内訳書'!D16,"") | E18: =IF(AND(基本情報!$B$66<>"",基本情報!$B$66<>"実施なし",'【郵送】第１号様式（１）－２ 積算内訳書'!E16<>""),'【郵送】第１号様式（１）－２ 積算内訳書'!E16,"") | F18: =IFERROR(D18*E18,"")
B19: =IF(AND(基本情報!$B$66<>"",基本情報!$B$66<>"実施なし",'【郵送】第１号様式（１）－２ 積算内訳書'!B17<>""),'【郵送】第１号様式（１）－２ 積算内訳書'!B17,"") | C19: =IF(AND(基本情報!$B$66<>"",基本情報!$B$66<>"実施なし",'【郵送】第１号様式（１）－２ 積算内訳書'!C17<>""),'【郵送】第１号様式（１）－２ 積算内訳書'!C17,"") | D19: =IF(AND(基本情報!$B$66<>"",基本情報!$B$66<>"実施なし",'【郵送】第１号様式（１）－２ 積算内訳書'!D17<>""),'【郵送】第１号様式（１）－２ 積算内訳書'!D17,"") | E19: =IF(AND(基本情報!$B$66<>"",基本情報!$B$66<>"実施なし",'【郵送】第１号様式（１）－２ 積算内訳書'!E17<>""),'【郵送】第１号様式（１）－２ 積算内訳書'!E17,"") | F19: =IFERROR(D19*E19,"")
B20: =IF(AND(基本情報!$B$66<>"",基本情報!$B$66<>"実施なし",'【郵送】第１号様式（１）－２ 積算内訳書'!B18<>""),'【郵送】第１号様式（１）－２ 積算内訳書'!B18,"") | C20: =IF(AND(基本情報!$B$66<>"",基本情報!$B$66<>"実施なし",'【郵送】第１号様式（１）－２ 積算内訳書'!C18<>""),'【郵送】第１号様式（１）－２ 積算内訳書'!C18,"") | D20: =IF(AND(基本情報!$B$66<>"",基本情報!$B$66<>"実施なし",'【郵送】第１号様式（１）－２ 積算内訳書'!D18<>""),'【郵送】第１号様式（１）－２ 積算内訳書'!D18,"") | E20: =IF(AND(基本情報!$B$66<>"",基本情報!$B$66<>"実施なし",'【郵送】第１号様式（１）－２ 積算内訳書'!E18<>""),'【郵送】第１号様式（１）－２ 積算内訳書'!E18,"") | F20: =IFERROR(D20*E20,"")
B21: =IF(AND(基本情報!$B$66<>"",基本情報!$B$66<>"実施なし",'【郵送】第１号様式（１）－２ 積算内訳書'!B19<>""),'【郵送】第１号様式（１）－２ 積算内訳書'!B19,"") | C21: =IF(AND(基本情報!$B$66<>"",基本情報!$B$66<>"実施なし",'【郵送】第１号様式（１）－２ 積算内訳書'!C19<>""),'【郵送】第１号様式（１）－２ 積算内訳書'!C19,"") | D21: =IF(AND(基本情報!$B$66<>"",基本情報!$B$66<>"実施なし",'【郵送】第１号様式（１）－２ 積算内訳書'!D19<>""),'【郵送】第１号様式（１）－２ 積算内訳書'!D19,"") | E21: =IF(AND(基本情報!$B$66<>"",基本情報!$B$66<>"実施なし",'【郵送】第１号様式（１）－２ 積算内訳書'!E19<>""),'【郵送】第１号様式（１）－２ 積算内訳書'!E19,"") | F21: =IFERROR(D21*E21,"")
B22: （児童発達支援事業のみ） | E22: 小計（Ａ） | F22: =SUM(F14:F21) -> 0 | I22: =IF(AND(基本情報!B74="実施あり",基本情報!B66="実施あり",F22=0),1,0) -> 0
B24: ② 登降園管理システムの導入
B25: =IF(基本情報!B66="実施なし"," 放課後等デイサービスの場合は、国庫補助対象外","")
B26: 内容 | C26: 支出（予定）年月日 | D26: 単価（円） | E26: 数量 | F26: 支出予定額（円）
B27: =IF(AND(基本情報!$B$66<>"",基本情報!$B$66<>"実施なし",'【郵送】第１号様式（１）－２ 積算内訳書'!B24<>""),'【郵送】第１号様式（１）－２ 積算内訳書'!B24,"") | C27: =IF(AND(基本情報!$B$66<>"",基本情報!$B$66<>"実施なし",'【郵送】第１号様式（１）－２ 積算内訳書'!C24<>""),'【郵送】第１号様式（１）－２ 積算内訳書'!C24,"") | D27: =IF(AND(基本情報!$B$66<>"",基本情報!$B$66<>"実施なし",'【郵送】第１号様式（１）－２ 積算内訳書'!D24<>""),'【郵送】第１号様式（１）－２ 積算内訳書'!D24,"") | E27: =IF(AND(基本情報!$B$66<>"",基本情報!$B$66<>"実施なし",'【郵送】第１号様式（１）－２ 積算内訳書'!E24<>""),'【郵送】第１号様式（１）－２ 積算内訳書'!E24,"") | F27: =IFERROR(D27*E27,"")
B28: =IF(AND(基本情報!$B$66<>"",基本情報!$B$66<>"実施なし",'【郵送】第１号様式（１）－２ 積算内訳書'!B25<>""),'【郵送】第１号様式（１）－２ 積算内訳書'!B25,"") | C28: =IF(AND(基本情報!$B$66<>"",基本情報!$B$66<>"実施なし",'【郵送】第１号様式（１）－２ 積算内訳書'!C25<>""),'【郵送】第１号様式（１）－２ 積算内訳書'!C25,"") | D28: =IF(AND(基本情報!$B$66<>"",基本情報!$B$66<>"実施なし",'【郵送】第１号様式（１）－２ 積算内訳書'!D25<>""),'【郵送】第１号様式（１）－２ 積算内訳書'!D25,"") | E28: =IF(AND(基本情報!$B$66<>"",基本情報!$B$66<>"実施なし",'【郵送】第１号様式（１）－２ 積算内訳書'!E25<>""),'【郵送】第１号様式（１）－２ 積算内訳書'!E25,"") | F28: =IFERROR(D28*E28,"")
B29: =IF(AND(基本情報!$B$66<>"",基本情報!$B$66<>"実施なし",'【郵送】第１号様式（１）－２ 積算内訳書'!B26<>""),'【郵送】第１号様式（１）－２ 積算内訳書'!B26,"") | C29: =IF(AND(基本情報!$B$66<>"",基本情報!$B$66<>"実施なし",'【郵送】第１号様式（１）－２ 積算内訳書'!C26<>""),'【郵送】第１号様式（１）－２ 積算内訳書'!C26,"") | D29: =IF(AND(基本情報!$B$66<>"",基本情報!$B$66<>"実施なし",'【郵送】第１号様式（１）－２ 積算内訳書'!D26<>""),'【郵送】第１号様式（１）－２ 積算内訳書'!D26,"") | E29: =IF(AND(基本情報!$B$66<>"",基本情報!$B$66<>"実施なし",'【郵送】第１号様式（１）－２ 積算内訳書'!E26<>""),'【郵送】第１号様式（１）－２ 積算内訳書'!E26,"") | F29: =IFERROR(D29*E29,"")
B30: =IF(AND(基本情報!$B$66<>"",基本情報!$B$66<>"実施なし",'【郵送】第１号様式（１）－２ 積算内訳書'!B27<>""),'【郵送】第１号様式（１）－２ 積算内訳書'!B27,"") | C30: =IF(AND(基本情報!$B$66<>"",基本情報!$B$66<>"実施なし",'【郵送】第１号様式（１）－２ 積算内訳書'!C27<>""),'【郵送】第１号様式（１）－２ 積算内訳書'!C27,"") | D30: =IF(AND(基本情報!$B$66<>"",基本情報!$B$66<>"実施なし",'【郵送】第１号様式（１）－２ 積算内訳書'!D27<>""),'【郵送】第１号様式（１）－２ 積算内訳書'!D27,"") | E30: =IF(AND(基本情報!$B$66<>"",基本情報!$B$66<>"実施なし",'【郵送】第１号様式（１）－２ 積算内訳書'!E27<>""),'【郵送】第１号様式（１）－２ 積算内訳書'!E27,"") | F30: =IFERROR(D30*E30,"")
B31: =IF(AND(基本情報!$B$66<>"",基本情報!$B$66<>"実施なし",'【郵送】第１号様式（１）－２ 積算内訳書'!B28<>""),'【郵送】第１号様式（１）－２ 積算内訳書'!B28,"") | C31: =IF(AND(基本情報!$B$66<>"",基本情報!$B$66<>"実施なし",'【郵送】第１号様式（１）－２ 積算内訳書'!C28<>""),'【郵送】第１号様式（１）－２ 積算内訳書'!C28,"") | D31: =IF(AND(基本情報!$B$66<>"",基本情報!$B$66<>"実施なし",'【郵送】第１号様式（１）－２ 積算内訳書'!D28<>""),'【郵送】第１号様式（１）－２ 積算内訳書'!D28,"") | E31: =IF(AND(基本情報!$B$66<>"",基本情報!$B$66<>"実施なし",'【郵送】第１号様式（１）－２ 積算内訳書'!E28<>""),'【郵送】第１号様式（１）－２ 積算内訳書'!E28,"") | F31: =IFERROR(D31*E31,"")
B32: =IF(AND(基本情報!$B$66<>"",基本情報!$B$66<>"実施なし",'【郵送】第１号様式（１）－２ 積算内訳書'!B29<>""),'【郵送】第１号様式（１）－２ 積算内訳書'!B29,"") | C32: =IF(AND(基本情報!$B$66<>"",基本情報!$B$66<>"実施なし",'【郵送】第１号様式（１）－２ 積算内訳書'!C29<>""),'【郵送】第１号様式（１）－２ 積算内訳書'!C29,"") | D32: =IF(AND(基本情報!$B$66<>"",基本情報!$B$66<>"実施なし",'【郵送】第１号様式（１）－２ 積算内訳書'!D29<>""),'【郵送】第１号様式（１）－２ 積算内訳書'!D29,"") | E32: =IF(AND(基本情報!$B$66<>"",基本情報!$B$66<>"実施なし",'【郵送】第１号様式（１）－２ 積算内訳書'!E29<>""),'【郵送】第１号様式（１）－２ 積算内訳書'!E29,"") | F32: =IFERROR(D32*E32,"")
B33: =IF(AND(基本情報!$B$66<>"",基本情報!$B$66<>"実施なし",'【郵送】第１号様式（１）－２ 積算内訳書'!B30<>""),'【郵送】第１号様式（１）－２ 積算内訳書'!B30,"") | C33: =IF(AND(基本情報!$B$66<>"",基本情報!$B$66<>"実施なし",'【郵送】第１号様式（１）－２ 積算内訳書'!C30<>""),'【郵送】第１号様式（１）－２ 積算内訳書'!C30,"") | D33: =IF(AND(基本情報!$B$66<>"",基本情報!$B$66<>"実施なし",'【郵送】第１号様式（１）－２ 積算内訳書'!D30<>""),'【郵送】第１号様式（１）－２ 積算内訳書'!D30,"") | E33: =IF(AND(基本情報!$B$66<>"",基本情報!$B$66<>"実施なし",'【郵送】第１号様式（１）－２ 積算内訳書'!E30<>""),'【郵送】第１号様式（１）－２ 積算内訳書'!E30,"") | F33: =IFERROR(D33*E33,"")
B34: =IF(AND(基本情報!$B$66<>"",基本情報!$B$66<>"実施なし",'【郵送】第１号様式（１）－２ 積算内訳書'!B31<>""),'【郵送】第１号様式（１）－２ 積算内訳書'!B31,"") | C34: =IF(AND(基本情報!$B$66<>"",基本情報!$B$66<>"実施なし",'【郵送】第１号様式（１）－２ 積算内訳書'!C31<>""),'【郵送】第１号様式（１）－２ 積算内訳書'!C31,"") | D34: =IF(AND(基本情報!$B$66<>"",基本情報!$B$66<>"実施なし",'【郵送】第１号様式（１）－２ 積算内訳書'!D31<>""),'【郵送】第１号様式（１）－２ 積算内訳書'!D31,"") | E34: =IF(AND(基本情報!$B$66<>"",基本情報!$B$66<>"実施なし",'【郵送】第１号様式（１）－２ 積算内訳書'!E31<>""),'【郵送】第１号様式（１）－２ 積算内訳書'!E31,"") | F34: =IFERROR(D34*E34,"")
B35: （児童発達支援事業のみ） | E35: 小計（Ｂ） | F35: =SUM(F27:F34) -> 0 | I35: =IF(AND(基本情報!B75="実施あり",基本情報!B66="実施あり",F35=0),1,0) -> 0
B37: ③ 置き去り、見失い、飛び出し防止に係る経費その他安全対策費用で都が認めるもの
B38: 国庫補助対象外
B40: ④ 送迎バス等の研修実施、安全点検等で都が認めるもの
B41: 国庫補助対象外
B43: （２）睡眠中の事故防止対策に必要な機器の購入等
B44: 国庫補助対象外
F46: 支出予定額（円）
B47: ２ 合 計（Ａ+Ｂ）（国庫補助対象経費） | F47: =F22+F35 -> 0

Sheet 【郵送】第１号様式（２）事業計画書（入力不要）
B1: 第１号様式（２）
B3: 事業計画書
B5: ◆事業所の基本情報
B7: 1 | C7: 事業所名 | E7: =IF(基本情報!B62="","",基本情報!B62)
B9: 2 | C9: 事業所番号 | E9: =IF(基本情報!B64="","",基本情報!B64)
B11: 3 | C11: 実施事業 | E11: 児童発達支援事業 | I11: =IF(基本情報!B66="","",基本情報!B66)
E14: 放課後等デイサービス事業 | I14: =IF(基本情報!B67="","",基本情報!B67)
E16: 送迎の実施 | I16: =IF(基本情報!B68="","",基本情報!B68)
B18: ◆事業内容
B20: １ 置き去り等の事故防止
B22: （１） | C22: 施設外及び施設内活動時の置き去り、見失い、飛び出し等の事故防止の対策
B25: ① | C25: ICTを活用した子供見守りサービス（GPSやBluetoothを活用したシステム等）の導入
H27: =IF(基本情報!B74="","",基本情報!B74)
C28: 内容は第１号様式（３）－１のとおり
B30: ② | C30: 登降園管理システムの導入 | H30: =IF(基本情報!B75="","",基本情報!B75)
C31: 内容は第１号様式（３）－２のとおり
B33: ③ | C33: 置き去り、見失い、飛び出し防止に係る経費その他安全対策費用で都が認めるもの
H34: =IF(基本情報!B76="","",基本情報!B76)
C35: 内容は第１号様式（３）－３－１のとおり
B37: ④ | C37: 送迎バス等の研修実施、安全点検で都が認めるもの
H38: =IF(基本情報!B77="","",基本情報!B77)
C39: 内容は第１号様式（３）－３－２のとおり
B41: （２） | C41: 睡眠中の事故防止対策に必要な機器の購入等
H43: =IF(基本情報!B78="","",基本情報!B78)
C44: 内容は第１号様式（３）－４のとおり

Sheet 【実施ありの場合・郵送】第１号様式（３）－１ ICT活用
B1: 第１号様式（３）－１ | H1: 事業所名 | J1: =IF(基本情報!B62="","",基本情報!B62)
B3: １（１）①ICTを活用した子供見守りサービス （GPSやBluetoothを活用したシステム等）の導入（詳細） | Q3: 都チェック欄
B5: =IF(基本情報!B74="実施なし","本事業は実施なし","") | Q5: =SUM(Q7:Q173) -> 0
B7: システム等の名称 | Q7: =IF(AND(基本情報!$B$74="実施あり（今後実施予定も含む）",E7=""),1,0) -> 0
B8: メーカー | Q8: =IF(AND(基本情報!$B$74="実施あり（今後実施予定も含む）",E8=""),1,0) -> 0
B9: 購入（予定）年月日 | Q9: =IF(AND(基本情報!$B$74="実施あり（今後実施予定も含む）",E9=""),1,0) -> 0
B10: 主な購入物品、システムの機能（※）及び事業所での活用方法等 | Q10: =IF(AND(基本情報!$B$74="実施あり（今後実施予定も含む）",E10=""),1,0) -> 0
B12: ※システムに搭載されている機能等を詳細に確認できる資料を添付すること。
B14: 他のシステム等の導入有無 | Q14: =IF(AND(基本情報!$B$74="実施あり（今後実施予定も含む）",H14=""),1,0) -> 0
B15: =IF(H14="あり","以下に続けて記載",IF(H14="なし","システム等の詳細についての記載は以上です",""))
B17: システム等の名称 | Q17: =IF(AND($H$14="あり",E17=""),1,0) -> 0
B18: メーカー | Q18: =IF(AND($H$14="あり",E18=""),1,0) -> 0
B19: 購入（予定）年月日 | Q19: =IF(AND($H$14="あり",E19=""),1,0) -> 0
B20: 主な購入物品、システムの機能及び事業所での活用方法等 | Q20: =IF(AND($H$14="あり",E20=""),1,0) -> 0
B22: ※システムに搭載されている機能等を詳細に確認できる資料を添付すること。
B24: 他のシステム等の導入有無 | Q24: =IF(AND($H$14="あり",H24=""),1,0) -> 0
B25: =IF(H24="あり","以下に続けて記載",IF(H24="なし","システム等の詳細についての記載は以上です",""))
B27: システム等の名称 | Q27: =IF(AND($H$24="あり",E27=""),1,0) -> 0
B28: メーカー | Q28: =IF(AND($H$24="あり",E28=""),1,0) -> 0
B29: 購入（予定）年月日 | Q29: =IF(AND($H$24="あり",E29=""),1,0) -> 0
B30: 主な購入物品、システムの機能及び事業所での活用方法等 | Q30: =IF(AND($H$24="あり",E30=""),1,0) -> 0
B32: ※システムに搭載されている機能等を詳細に確認できる資料を添付すること。

Sheet 【実施ありの場合・郵送】第１号様式（３）－２ 登降園管理
B1: 第１号様式（３）－２ | H1: 事業所名 | J1: =IF(基本情報!B62="","",基本情報!B62)
B3: １（１）②登降園管理システムの導入（詳細） | Q3: 都チェック欄
B5: =IF(基本情報!B75="実施なし","本事業は実施なし","") | Q5: =SUM(Q7:Q173) -> 0
B7: システム等の名称 | Q7: =IF(AND(基本情報!$B$75="実施あり（今後実施予定も含む）",E7=""),1,0) -> 0
B8: メーカー | Q8: =IF(AND(基本情報!$B$75="実施あり（今後実施予定も含む）",E8=""),1,0) -> 0
B9: 購入（予定）年月日 | Q9: =IF(AND(基本情報!$B$75="実施あり（今後実施予定も含む）",E9=""),1,0) -> 0
B10: 主な購入物品、システムの機能（※）及び事業所での活用方法等 | Q10: =IF(AND(基本情報!$B$75="実施あり（今後実施予定も含む）",E10=""),1,0) -> 0
B12: ※システムに搭載されている機能等を詳細に確認できる資料を添付すること。
B14: 他のシステム等の導入有無 | Q14: =IF(AND(基本情報!$B$75="実施あり（今後実施予定も含む）",H14=""),1,0) -> 0
B15: =IF(H14="あり","以下に続けて記載",IF(H14="なし","システム等の詳細についての記載は以上です",""))
B17: システム等の名称 | Q17: =IF(AND($H$14="あり",E17=""),1,0) -> 0
B18: メーカー | Q18: =IF(AND($H$14="あり",E18=""),1,0) -> 0
B19: 購入（予定）年月日 | Q19: =IF(AND($H$14="あり",E19=""),1,0) -> 0
B20: 主な購入物品、システムの機能（※）及び事業所での活用方法等 | Q20: =IF(AND($H$14="あり",E20=""),1,0) -> 0
B22: ※システムに搭載されている機能等を詳細に確認できる資料を添付すること。
B24: 他のシステム等の導入有無 | Q24: =IF(AND($H$14="あり",H24=""),1,0) -> 0
B25: =IF(H24="あり","以下に続けて記載",IF(H24="なし","システム等の詳細についての記載は以上です",""))
B27: システム等の名称 | Q27: =IF(AND($H$24="あり",E27=""),1,0) -> 0
B28: メーカー | Q28: =IF(AND($H$24="あり",E28=""),1,0) -> 0
B29: 購入（予定）年月日 | Q29: =IF(AND($H$24="あり",E29=""),1,0) -> 0
B30: 主な購入物品、システムの機能（※）及び事業所での活用方法等 | Q30: =IF(AND($H$24="あり",E30=""),1,0) -> 0
B32: ※システムに搭載されている機能等を詳細に確認できる資料を添付すること。

Sheet 【実施ありの場合郵送】第１号様式（３）－３－１ その他安全対策
B1: 第１号様式（３）－３－１ | H1: 事業所名 | J1: =IF(基本情報!B62="","",基本情報!B62)
B3: １（１）③置き去り、見失い、飛び出し防止に係る経費その他安全対策費用で都が認めるもの（詳細） | Q3: 都チェック欄
B5: =IF(基本情報!B76="実施なし","本事業は実施なし","") | Q5: =SUM(Q7:Q173) -> 0
B7: 取組事項 | Q7: =IF(AND(基本情報!$B$76="実施あり（今後実施予定も含む）",E7=""),1,0) -> 0
B8: 実施（予定）年月日 | Q8: =IF(AND(基本情報!$B$76="実施あり（今後実施予定も含む）",E8=""),1,0) -> 0
B9: 具体的取組内容 （現在の状況、取組の目的、設置する物品の詳細と設置位置等を明確に記入してください。） | Q9: =IF(AND(基本情報!$B$76="実施あり（今後実施予定も含む）",E9=""),1,0) -> 0
B12: 他の取組の実施有無 | Q12: =IF(AND(基本情報!$B$76="実施あり（今後実施予定も含む）",H12=""),1,0) -> 0
B13: =IF(H12="あり","以下に続けて記載",IF(H12="なし","取組の詳細についての記載は以上です。",""))
B15: 取組事項 | Q15: =IF(AND($H$12="あり",E15=""),1,0) -> 0
B16: 実施（予定）年月日 | Q16: =IF(AND($H$12="あり",E16=""),1,0) -> 0
B17: 具体的取組内容 （現在の状況、取組の目的、設置する物品の詳細と設置位置等を明確に記入してください。） | Q17: =IF(AND($H$12="あり",E17=""),1,0) -> 0
B20: 他の取組の実施有無 | Q20: =IF(AND($H$12="あり",H20=""),1,0) -> 0
B21: =IF(H20="あり","以下に続けて記載",IF(H20="なし","取組の詳細についての記載は以上です。",""))
B23: 取組事項 | Q23: =IF(AND($H$20="あり",E23=""),1,0) -> 0
B24: 実施（予定）年月日 | Q24: =IF(AND($H$20="あり",E24=""),1,0) -> 0
B25: 具体的取組内容 （現在の状況、取組の目的、設置する物品の詳細と設置位置等を明確に記入してください。） | Q25: =IF(AND($H$20="あり",E25=""),1,0) -> 0

Sheet 【実施ありの場合郵送】第１号様式（３）－３－２ その他安全対策
B1: 第１号様式（３）－３－２ | H1: 事業所名 | J1: =IF(基本情報!B62="","",基本情報!B62)
B3: １（１）④送迎バス等の研修実施、安全点検で都が認めるもの（詳細） | Q3: 都チェック欄
B5: =IF(基本情報!B77="実施なし","本事業は実施なし","") | G5: （修理費、法定・保守点検、車検費用は非該当） | Q5: =SUM(Q7:Q173) -> 0
B7: 取組事項 | Q7: =IF(AND(基本情報!$B$77="実施あり（今後実施予定も含む）",E7=""),1,0) -> 0
B8: 実施（予定）年月日 | Q8: =IF(AND(基本情報!$B$77="実施あり（今後実施予定も含む）",E8=""),1,0) -> 0
B9: 具体的取組内容 （現在の状況、取組の目的等を明確に記入してください。） | Q9: =IF(AND(基本情報!$B$77="実施あり（今後実施予定も含む）",E9=""),1,0) -> 0
B12: 他の取組の実施有無 | Q12: =IF(AND(基本情報!$B$77="実施あり（今後実施予定も含む）",H12=""),1,0) -> 0
B13: =IF(H12="あり","以下に続けて記載",IF(H12="なし","取組の詳細についての記載は以上です。",""))
B15: 取組事項 | Q15: =IF(AND($H$12="あり",E15=""),1,0) -> 0
B16: 実施（予定）年月日 | Q16: =IF(AND($H$12="あり",E16=""),1,0) -> 0
B17: 具体的取組内容 （現在の状況、取組の目的等を明確に記入してください。） | Q17: =IF(AND($H$12="あり",E17=""),1,0) -> 0
B20: 他の取組の実施有無 | Q20: =IF(AND($H$12="あり",H20=""),1,0) -> 0
B21: =IF(H20="あり","以下に続けて記載",IF(H20="なし","取組の詳細についての記載は以上です。",""))
B23: 取組事項 | Q23: =IF(AND($H$20="あり",E23=""),1,0) -> 0
B24: 実施（予定）年月日 | Q24: =IF(AND($H$20="あり",E24=""),1,0) -> 0
B25: 具体的取組内容 （現在の状況、取組の目的等を明確に記入してください。） | Q25: =IF(AND($H$20="あり",E25=""),1,0) -> 0

Sheet 【実施ありの場合・郵送】第１号様式（３）－４ 睡眠中事故防止
B1: 第１号様式（３）－４ | H1: 事業所名 | J1: =IF(基本情報!B62="","",基本情報!B62)
B3: １（２）睡眠中の事故防止対策に必要な機器の購入等（詳細） | Q3: 都チェック欄
B5: =IF(基本情報!B78="実施なし","本事業は実施なし","") | C5: (児童発達支援のみ対象) | Q5: =SUM(Q7:R173) -> 0
B7: 機器等の名称 | Q7: =IF(AND(基本情報!$B$78="実施あり（今後実施予定も含む）",E7=""),1,0) -> 0
B8: メーカー | Q8: =IF(AND(基本情報!$B$78="実施あり（今後実施予定も含む）",E8=""),1,0) -> 0
B9: 対象乳幼児の人数 | E9: ０歳 | G9: 人 | I9: １歳 | K9: 人 | Q9: =IF(AND(基本情報!$B$78="実施あり（今後実施予定も含む）",F9=""),1,0) -> 0 | R9: =IF(AND(基本情報!$B$78="実施あり（今後実施予定も含む）",J9=""),1,0) -> 0
E10: ２歳 | G10: 人 | H10: ３歳以上 | K10: 人 | Q10: =IF(AND(基本情報!$B$78="実施あり（今後実施予定も含む）",F10=""),1,0) -> 0 | R10: =IF(AND(基本情報!$B$78="実施あり（今後実施予定も含む）",J10=""),1,0) -> 0
B11: 機器の数量 | Q11: =IF(AND(基本情報!$B$78="実施あり（今後実施予定も含む）",E11=""),1,0) -> 0
B12: 購入（予定）年月日 | Q12: =IF(AND(基本情報!$B$78="実施あり（今後実施予定も含む）",E12=""),1,0) -> 0
B13: 機器等の機能（※）及び事業所での活用方法等 | Q13: =IF(AND(基本情報!$B$78="実施あり（今後実施予定も含む）",E13=""),1,0) -> 0
B15: ※機器等に搭載されている機能等を詳細に確認できる資料を添付すること。
B17: 他の機器等の購入有無 | Q17: =IF(AND(基本情報!$B$78="実施あり（今後実施予定も含む）",H17=""),1,0) -> 0
B18: =IF(H17="あり","以下に続けて記載",IF(H17="なし","機器等の詳細についての記載は以上です",""))
B20: 機器等の名称 | Q20: =IF(AND($H$17="あり",E20=""),1,0) -> 0
B21: メーカー | Q21: =IF(AND($H$17="あり",E21=""),1,0) -> 0
B22: 対象乳幼児の人数 | E22: ０歳 | G22: 人 | I22: １歳 | K22: 人 | Q22: =IF(AND($H$17="あり",F22=""),1,0) -> 0 | R22: =IF(AND($H$17="あり",J22=""),1,0) -> 0
E23: ２歳 | G23: 人 | H23: ３歳以上 | K23: 人 | Q23: =IF(AND($H$17="あり",F23=""),1,0) -> 0 | R23: =IF(AND($H$17="あり",J23=""),1,0) -> 0
B24: 機器の数量 | Q24: =IF(AND($H$17="あり",E24=""),1,0) -> 0
B25: 購入（予定）年月日 | Q25: =IF(AND($H$17="あり",E25=""),1,0) -> 0
B26: 機器等の機能（※）及び事業所での活用方法等 | Q26: =IF(AND($H$17="あり",E26=""),1,0) -> 0
B28: ※機器等に搭載されている機能等を詳細に確認できる資料を添付すること。
B30: 他の機器等の購入有無 | Q30: =IF(AND($H$17="あり",H30=""),1,0) -> 0
B31: =IF(H30="あり","以下に続けて記載",IF(H30="なし","機器等の詳細についての記載は以上です",""))
B33: 機器等の名称 | Q33: =IF(AND($H$30="あり",E33=""),1,0) -> 0
B34: メーカー | Q34: =IF(AND($H$30="あり",E34=""),1,0) -> 0
B35: 対象乳幼児の人数 | E35: ０歳 | G35: 人 | I35: １歳 | K35: 人 | Q35: =IF(AND($H$30="あり",F35=""),1,0) -> 0 | R35: =IF(AND($H$30="あり",J35=""),1,0) -> 0
E36: ２歳 | G36: 人 | H36: ３歳以上 | K36: 人 | Q36: =IF(AND($H$30="あり",F36=""),1,0) -> 0 | R36: =IF(AND($H$30="あり",J36=""),1,0) -> 0
B37: 機器の数量 | Q37: =IF(AND($H$30="あり",E37=""),1,0) -> 0
B38: 購入（予定）年月日 | Q38: =IF(AND($H$30="あり",E38=""),1,0) -> 0
B39: 機器等の機能（※）及び事業所での活用方法等 | Q39: =IF(AND($H$30="あり",E39=""),1,0) -> 0
B41: ※機器等に搭載されている機能等を詳細に確認できる資料を添付すること。

Sheet 【郵送】第１号様式（４）誓約書（入力不要）
A1: 第１号様式（４） | C1: 事業所名 | D1: =IF(基本情報!B62="","",基本情報!B62)
A4: 誓 約 書
A7: 東 京 都 知 事 殿
A10: 令和８年度障害児通所支援事業所における安全対策支援事業補助金交付要綱（令和８年７月22日付８福祉障療第399号）第８条の規定に基づく補助金交付申請を行うに当たり、当該申請により補助金等の交付を受けようとする者（法人その他の団体にあっては、代表者、役員又は使用人その他の従業員若しくは構成員を含む。）が東京都暴力団排除条例第２条第２号に規定する暴力団、同条第３号に規定する暴力団員又は同条第４号に規定する暴力団関係者（以下「暴力団員等」という。）に該当せず、かつ将来にわたっても該当しないことをここに誓約いたします。 また、この誓約に違反又は相違があり、同要綱別記２補助条件７（１）オの規定により補助金等の交付の決定の取消しを受けた場合において、同要綱別記２補助条件８の規定に基づき返還を命じられたときは、これに異議なく応じることを誓約いたします。 あわせて、知事が必要と認めた場合には、暴力団員等であるか否かの確認のため、警視庁へ照会がなされることに同意いたします。
A13: =IF(OR(基本情報!C45="",基本情報!C46="",基本情報!C47=""),"",DATE(基本情報!C45+2018,基本情報!C46,基本情報!C47))
C16: 所在地 | D16: =IF(基本情報!B50="","基本情報の第１の「１ 主たる事務所の所在地」を入力してください",基本情報!B50) -> 基本情報の第１の「１ 主たる事務所の所在地」を入力してください
C19: 法人名 | D19: =IF(基本情報!B51="","基本情報の第１の「２ 法人名」を入力してください",基本情報!B51) -> 基本情報の第１の「２ 法人名」を入力してください
C21: 代表者職・氏名 | E21: =IF(OR(基本情報!B52="",基本情報!B53=""),"基本情報の第１の「３、４代表者職・氏名」を入力してください",基本情報!B52&" "&基本情報!B53) -> 基本情報の第１の「３、４代表者職・氏名」を入力してください
A27: ＊ 法人その他の団体にあっては、主たる事務所の所在地、名称及び代表者の氏名を記入すること。 ＊ この誓約書における「暴力団関係者」とは、以下の者をいう。 ・ 暴力団又は暴力団員が実質的に経営を支配する法人等に所属する者 ・ 暴力団員を雇用している者 ・ 暴力団又は暴力団員を不当に利用していると認められる者 ・ 暴力団の維持、運営に協力し、又は関与していると認められる者 ・ 暴力団又は暴力団員と社会的に非難されるべき関係を有していると認められる者

Sheet 【入力・提出不要】（国庫）
B1: =基本情報!B64 -> 0 | E1: =基本情報!B62 -> 0 | J1: =基本情報!B59 -> 0
B3: 区分 | C3: 公立・ 私立の別 | D3: =基本情報!A66 -> 児童発達支援 | E3: =基本情報!A67 -> 放課後等デイサービス | F3: 設置主体 | G3: 施設名称 | H3: 対象経費支出額 | I3: 寄付金その他の収入額 | J3: 差引額 | K3: 国庫補助基準額 | L3: 選定額 | M3: （⑨×４／５） | N3: 自治体補助額 | O3: 国庫補助基本額 | P3: 国庫補助所要額 | Q3: 導入備品内容 （主な購入物品） | R3: 購入日 （年・月・日）
C4: ① | D4: ② | F4: ③ | G4: ④ | H4: ⑤ | I4: ⑥ | J4: ⑦（⑤－⑥） | K4: ⑧ | L4: ⑨ | M4: ⑩ | N4: ⑪ | O4: ⑫ | P4: ⑬ (⑫×3／4) | Q4: ⑭ | R4: ⑮
B5: ICT活用 | C5: =基本情報!B63 -> 0 | D5: =基本情報!B66 -> 0 | E5: =基本情報!B67 -> 0 | F5: =基本情報!B51 -> 0 | G5: =基本情報!B62 -> 0 | H5: ='【郵送】第１号様式（１）－３ 積算内訳（国庫）（入力不要）'!F22 -> 0 | I5: =基本情報!B104 -> 0 | J5: =IF((H5-I5)>0,H5-I5,0) -> 0 | K5: 200000 | L5: =IF(J5>K5,K5,J5) -> 0 | M5: =L5*4/5 -> 0 | N5: =J5 -> 0 | O5: =IF(M5>N5,N5,M5) -> 0 | P5: =ROUNDDOWN(O5*3/4,-3) -> 0 | Q5: ='【実施ありの場合・郵送】第１号様式（３）－１ ICT活用'!E10 -> 0 | R5: ='【実施ありの場合・郵送】第１号様式（３）－１ ICT活用'!E9 -> 0
B6: 登降園管理システム（基準：端末なし） | C6: =基本情報!B63 -> 0 | D6: =基本情報!B66 -> 0 | E6: =基本情報!B67 -> 0 | F6: =基本情報!B51 -> 0 | G6: =基本情報!B62 -> 0 | H6: ='【郵送】第１号様式（１）－３ 積算内訳（国庫）（入力不要）'!F35 -> 0 | I6: =基本情報!B104 -> 0 | J6: =IF((H6-I6)>0,H6-I6,0) -> 0 | K6: 200000 | L6: =IF(J6>K6,K6,J6) -> 0 | M6: =L6*4/5 -> 0 | N6: =J6 -> 0 | O6: =IF(M6>N6,N6,M6) -> 0 | P6: =ROUNDDOWN(O6*3/4,-3) -> 0 | Q6: ='【実施ありの場合・郵送】第１号様式（３）－２ 登降園管理'!E10 -> 0 | R6: ='【実施ありの場合・郵送】第１号様式（３）－２ 登降園管理'!E9 -> 0
B7: 登降園管理システム（基準： 端末あり） | C7: =基本情報!B63 -> 0 | D7: =基本情報!B66 -> 0 | E7: =基本情報!B67 -> 0 | F7: =基本情報!B51 -> 0 | G7: =基本情報!B62 -> 0 | H7: ='【郵送】第１号様式（１）－３ 積算内訳（国庫）（入力不要）'!F35 -> 0 | I7: =基本情報!B104 -> 0 | J7: =IF((H7-I7)>0,H7-I7,0) -> 0 | K7: 700000 | L7: =IF(J7>K7,K7,J7) -> 0 | M7: =L7*4/5 -> 0 | N7: =J7 -> 0 | O7: =IF(M7>N7,N7,M7) -> 0 | P7: =ROUNDDOWN(O7*3/4,-3) -> 0 | Q7: ='【実施ありの場合・郵送】第１号様式（３）－２ 登降園管理'!E10 -> 0 | R7: ='【実施ありの場合・郵送】第１号様式（３）－２ 登降園管理'!E9 -> 0
